 Dungeon Crawl Stone Soup version 0.31.0-4-g52a2dc7128 (webtiles) character file.

Game seed: 14397473950497167518

286052 SnakkuSnakku7 the Spry (level 21, -9/152 HPs)
             Began as a Djinni Monk on Jan 23, 2024.
             Was the Champion of Okawaru.
             Mangled by a deep troll (16 damage)
             ... led by an ironbound preserver
             ... on level 4 of the Vaults.
             The game lasted 01:14:20 (34958 turns).

SnakkuSnakku7 the Spry (Djinni Monk)               Turns: 34958, Time: 01:14:20

Health: -9/152     AC: 26    Str: 10    XL:     21   Next: 50%
Gold:   3434       EV: 27    Int: 14    God:    Okawaru [******] SH: 21 Dex: 26

rFire   + + .        a - +9 demon blade (freeze)
rCold   x . .        n - +0 tower shield
rNeg    . . .        P - +5 robe of Night {Dark Will+ SInv}
rPois   ∞            h - +2 helmet {Int+3}
rElec   .            p - +2 cloak
rCorr   .            J - +2 pair of gloves
SInv    +            (boots unavailable)
Will    +++..        m - amulet of regeneration
Stlth   ++           U - +4 ring of protection
HPRegen 1.25/turn    x - +4 ring of protection
MPRegen 0.00/turn

%: infuse magic (-10 HP)
@: flying
A: sickness immunity, fire resistance 2, cold vulnerability 1, float, innate
caster, HP casting, extra vitality 1, dopey 1, inability to read after injury 1
}: 2/15 runes: barnacled, gossamer
a: Renounce Religion, Heroism, Finesse, Duel


You were on level 4 of the Vaults.
You worshipped Okawaru.
Okawaru was exalted by your worship.
You visited 7 branches of the dungeon, and saw 35 of its levels.
You visited 1 bazaar.
You also visited: Ossuary.

You collected 3560 gold pieces.
You spent 126 gold pieces at shops.

Inventory:

Hand Weapons
 a - a +9 demon blade of freezing (weapon)
 b - a +7 demon blade of flaming
Missiles
 G - 2 throwing nets
Armour
 h - a +2 helmet of intelligence (worn)
 n - a +0 tower shield (worn)
 p - a +2 cloak (worn)
 r - a scarf of resistance
 J - a +2 pair of gloves (worn)
 P - the +5 robe of Night (worn) {Dark Will+ SInv}
   (Okawaru gifted it to you on level 1 of the Lair of Beasts)

   Dark:      It shrouds the wearer in darkness, reducing the range at which
   they can see and be seen by others.
   Will+:     It increases your willpower.
   SInv:      It lets you see invisible.
Jewellery
 m - an amulet of regeneration (around neck)
 s - the ring "Xiphir" {SInv Stlth+}
   (You found it on level 3 of the Lair of Beasts)

   [ring of see invisible]

   SInv:      It lets you see invisible.
   Stlth+:    It makes you more stealthy.
 x - a +4 ring of protection (right hand)
 C - a ring of resist corrosion
 U - a +4 ring of protection (left hand)
 V - a +5 ring of evasion
 Z - a ring of protection from cold
Wands
 y - a wand of polymorph (7)
 E - a wand of iceblast (21)
 F - a wand of digging (7)
 R - a wand of quicksilver (32)
 X - a wand of paralysis (3)
 Y - a wand of mindburst (19)
Scrolls
 k - 18 scrolls of teleportation
 q - 3 scrolls of noise
 t - 5 scrolls of enchant armour
 D - 4 scrolls of vulnerability
 K - 8 scrolls of immolation
 L - 4 scrolls of silence
 Q - 2 scrolls of fog
 S - a scroll of revelation
 T - 2 scrolls of blinking
 W - 3 scrolls of poison
Potions
 c - 14 potions of curing
 d - 3 potions of attraction
 f - 7 potions of haste
 g - 5 potions of might
 j - 6 potions of mutation
 l - 9 potions of ambrosia
 o - 6 potions of heal wounds
 u - 8 potions of brilliance
 w - 3 potions of berserk rage
 z - 7 potions of enlightenment
 A - 3 potions of invisibility
 B - 6 potions of cancellation
 H - 4 potions of resistance
 I - a potion of lignification
Miscellaneous
 e - a lightning rod (4/4)
 i - a phial of floods
 v - a condenser vane


   Skills:
 + Level 14.1 Fighting
 - Level 18.0 Long Blades
 - Level 9.0 Armour
 - Level 18.0 Dodging
 - Level 14.0 Shields
 - Level 13.0 Spellcasting
 - Level 13.0 Conjurations
 - Level 13.0 Hexes
 - Level 13.0 Summonings
 - Level 13.0 Necromancy
 - Level 13.0 Translocations
 - Level 13.0 Fire Magic
 - Level 13.0 Ice Magic
 - Level 13.0 Air Magic
 - Level 13.0 Earth Magic
 - Level 13.0 Alchemy
 - Level 8.0 Invocations
 - Level 16.0 Evocations


You knew the following spells:

 Your Spells              Type           Power      Damage    Failure   Level
a - Apportation           Tloc           90%        N/A       1%          1
b - Momentum Strike       Conj/Tloc      90%        3d10      1%          2
c - Lesser Beckoning      Tloc           90%        N/A       1%          2
d - Iskenderun's Mystic   Conj/Tloc      45%        2d10      2%          4
e - Silence               Hex/Air        22%        N/A       6%          5
f - Alistair's Intoxicat  Alch           30%        N/A       6%          5
g - Conjure Ball Lightni  Conj/Air       22%        3x3d6     34%         6
h - Malign Gateway        Summ/Tloc      22%        N/A       89%         7
i - Orb of Destruction    Conj           22%        9d8       89%         7
j - Disjunction           Tloc           22%        N/A       100%        8
Your spell library was empty.


Dungeon Overview and Level Annotations

Branches:
Dungeon (15/15)            Temple (1/1) D:6            Lair (5/5) D:11
 Shoals (4/4) Lair:3       Spider (4/4) Lair:2        Slime (0/5) Lair:4
    Orc (2/2) D:9             Elf (0/3) Orc:2        Vaults (4/5) D:13
  Crypt (0/3) Vaults:3    Ossuary (visited)
 Depths: D:15

Altars:
Ashenzari
Cheibriados
Dithmenos
Elyvilon
Fedhas
Gozag
Hepliaklqana
Makhleb
Nemelex Xobeh
Okawaru
Qazlal
Ru
Trog
Uskayaw
Wu Jian
Xom
Yredelemnul
Zin
The Shining One
Jiyva

Shops:
D:15 (   Orc:2 *([=   Shoals:3 *   Vaults:1 [(

Portals:
Trove: D:12 (show abyssal rune of Zot)

Annotations:
D:15 exclusion: 3 doors
Spider:3 Bai Suzhen
Vaults:2 3 runed translucent doors


Innate Abilities, Weirdness & Mutations

You are immune to sickness and miasma.
You are immune to poison.
Your flesh is very heat resistant. (rF++)
You are vulnerable to cold. (rC-)
You float through the air rather than walking.
You learn spells naturally, not from books.
Your magical power is your life essence.
You have superior vitality. (+4 MHP)
You are dopey. (Int -2)
You occasionally lose the ability to read scrolls when taking damage.


Message History

The deep troll claws you!
Blink to where?
Press: ? - help, Dir - move target, f - you
Okay, then.
You feel much better. The deep troll misses you.
You block the deep troll's attack. x4; The deep troll claws you!
Unknown command.
Unknown command.
Okay, then.
Okay, then.
The ironbound frostheart barely misses you.
You block the deep troll's attack. x3
Okay, then.
You slash the ironbound frostheart! You freeze the ironbound frostheart.
The ironbound frostheart is lightly wounded.
The ironbound frostheart misses you. You block the deep troll's attack.
The deep troll closely misses you.
The deep troll claws you but does no damage.
You slice the ironbound frostheart!! You freeze the ironbound frostheart.
The ironbound frostheart is severely wounded.
You block the ironbound frostheart's attack.
You hit the ironbound frostheart. You freeze the ironbound frostheart.
The ironbound frostheart is severely wounded.
You block the ironbound frostheart's attack.
The deep troll completely misses you. The deep troll barely misses you.
You block the deep troll's attack. x3; The deep troll completely misses you.
You hit the ironbound frostheart but do no damage.
The ironbound frostheart is severely wounded.
The ironbound frostheart misses you.
You block the ironbound preserver's attack.
You block the deep troll's attack. x3
You slash the ironbound frostheart! You freeze the ironbound frostheart.
The ironbound frostheart is almost dead.
The ironbound frostheart touches you! The ironbound frostheart freezes you!!!
You feel a terrible chill!
* * * LOW HITPOINT WARNING * * *
You block the ironbound preserver's attack.
You block the deep troll's attack. x2; The deep troll misses you.
You block the vault warden's attack. The deep troll bites you!
You die...

##...###.# ....
#(..###..# #...p.#
#.:###.<.# #......
#### #...# #...#
##'###########)######
#...................
#.................(.
#..pTp..............
#..@p...........)...
#..TT...............
#.................^.
##'#################
#.#.# .# ##


You could see an ironbound preserver, a vault warden, an ironbound frostheart
and 3 deep trolls.

Vanquished Creatures
  Jory (Vaults:3)
  The ghost of Nonny the Acrobat, an adept MfGl of Dithmenos (Vaults:3)
  Arachne (Arena)
  6 sphinxes
  Gastronok (Lair:2)
  Kirke (Lair:4)
  Aizul (Shoals:2)
  Agnes (Spider:1)
  A revenant (Vaults:3)
  The ghost of Witt the Fighter, an adept GrFi of Ashenzari (Shoals:2)
  8 vault wardens
  6 emperor scorpions
  2 ghost moths (Spider:4)
  7 ironbound preservers
  2 orc warlords
  4 formless jellyfish
  A cacodemon (Vaults:2)
  A ghoul (Vaults:3)
  3 ironbound thunderhulks
  A broodmother (Spider:2)
  A stone giant (Vaults:3)
  Nessos (Lair:5)
  2 deep elf annihilators
  19 dire elephants
  2 war gargoyles (Vaults:2)
  Azrael (D:14)
  A minotaur (Shoals:4)
  Snorg (Orc:2)
  The ghost of ggggg the Brawler, a journeyman TrSh of Wu Jian (D:11)
  5 spark wasps
  A merfolk javelineer (Shoals:4)
  3 merfolk impalers
  7 entropy weavers
  2 peacekeepers
  An ogre mage (D:12)
  3 great orbs of eyes
  3 yaktaur captains
  9 vault guards
  3 hydras
  6 radroaches
  5 ironbound frosthearts
  22 boulder beetles
  A catoblepas (Lair:5)
  3 merfolk avatars
  9 centaur warriors
  3 death yaks (Lair:5)
  Erica (Lair:1)
  5 two-headed ogres
  A death knight (Vaults:3)
  The ghost of case the Markself, a journeyman DEHu of Ashenzari (D:12)
  9 satyrs
  A deep troll shaman (Lair:5)
  2 merfolk aquamancers
  3 tengu warriors
  13 demonic crawlers
  4 orc high priests
  A hell knight (D:12)
  Urug (Orc:2)
  6 skysharks
  8 pharaoh ants
  Lodul (D:13)
  7 sea snakes
  21 deep trolls
  A glowing orange brain (Vaults:2)
  4 orb spiders
  6 arcanists
  A phantasmal warrior (Vaults:3)
  8 lindwurms
  5 steelbarb worms
  A deep elf archer (D:12)
  9 ironbound convokers
  39 harpies
  3 orc knights (Vaults:1)
  15 wolf spiders
  A deep elf pyromancer (D:14)
  2 orc sorcerers
  11 ugly things
  5 cyclopes
  18 fauns
  9 manticores
  A salamander (Spider:3)
  7 meliai
  2 moths of wrath
  8 kobold blastminers
  3 black mambas
  10 merfolk sirens
  11 elephants
  15 vault sentinels
  4 water nymphs
  4 torpor snails
  A gargoyle (D:13)
  11 cane toads
  2 freezing wraiths
  3 rime drakes
  Maggie (D:10)
  3 komodo dragons
  A kobold demonologist (D:12)
  3 efreet
  17 yaktaurs
  A tengu conjurer (D:14)
  4 polar bears
  5 trolls
  9 wind drakes
  20 merfolk
  Grinder (D:5)
  Prince Ribbit (D:5)
  16 blink frogs
  A hornet (D:10)
  14 dream sheep
  14 tarantellas
  11 snapping turtles
  A centaur simulacrum (D:14)
  39 slime creatures
  33 jumping spiders
  A spriggan (Lair:3)
  A shadow (D:7)
  19 culicivoras
  4 water elementals (Shoals:3)
  2 vampires
  A wyvern (D:8)
  6 hogs (Lair:4)
  5 humans
  3 wraiths
  2 basilisks
  38 redbacks
  3 wargs
  52 yaks
  2 fire elementals (D:14)
  7 vampire mosquitoes
  3 death yak simulacra (Lair:3)
  23 water moccasins
  2 acid dragons
  2 hell hounds
  34 orc warriors
  A sky beast (D:7)
  5 black bears
  3 ice beasts
  A black bear (shapeshifter) (D:12)
  4 laughing skulls
  29 wolves
  14 ogres
  8 centaurs
  3 phantoms
  A weeping skull (Ossuary)
  A kobold brigand (D:9)
  Blork the orc (D:5)
  7 bullfrogs
  2 gnoll sergeants
  4 water moccasin zombies (Ossuary)
  An elephant simulacrum (Lair:3)
  7 killer bees
  13 howler monkeys
  4 electric eels (Lair:2)
  2 bombardier beetles
  7 hounds
  4 jellies
  13 orc priests
  7 iguanas
  2 sleepcaps
  A hell rat (Lair:4)
  22 orc wizards
  2 polar bear simulacra
  4 yak simulacra (Lair:4)
  2 wolf simulacra
  3 crocodile zombies (Ossuary)
  2 mummies (Ossuary)
  12 gnolls
  An adder (D:4)
  3 adder zombies (Ossuary)
  A dart slug (D:2)
  2 ribbon worms
  88 orcs
  3 bats
  6 endoplasms
  2 giant cockroaches
  11 gnoll zombies (Ossuary)
  2 goblins
  8 hobgoblins
  2 jackals (D:2)
  7 kobolds
  6 quokkas
  4 ball pythons
  5 frilled lizards
  5 jackal zombies (Ossuary)
  2 orc zombies (Ossuary)
  3 rats
  5 river rat simulacra (Lair:4)
1233 creatures vanquished.

Vanquished Creatures (others)
  A vault guard (D:13)
  A necromancer (Lair:4)
  2 harpies (Shoals:4)
4 creatures vanquished.

Grand Total: 1237 creatures vanquished

Notes
Turn   | Place    | Note
-------+----------+-------------------------------------------
     0 | D:1      | SnakkuSnakku7 the Djinni Monk began the quest for the Orb.
     0 | D:1      | Reached XP level 1. HP: 20/20 MP: 0/0
   101 | D:1      | Reached XP level 2. HP: 25/25 MP: 0/0
   355 | D:1      | Reached XP level 3. HP: 17/30 MP: 0/0
   355 | D:1      | Learned a level 1 spell: Apportation
   664 | D:2      | Found a faded altar of an unknown god.
  1126 | D:3      | Found a hide-covered altar of Uskayaw.
  1810 | D:3      | Reached XP level 4. HP: 33/35 MP: 0/0
  2237 | D:4      | Reached skill level 5 in Long Blades
  2237 | D:4      | Reached XP level 5. HP: 34/40 MP: 0/0
  2237 | D:4      | Learned a level 2 spell: Momentum Strike
  2289 | D:4      | Found a shadowy altar of Dithmenos.
  2382 | D:4      | Found a sand-covered staircase.
  2401 | Ossuary  | Entered an ossuary
  2439 | Ossuary  | Reached XP level 6. HP: 45/46 MP: 0/0
  2508 | Ossuary  | Reached XP level 7. HP: 50/50 MP: 0/0
  2508 | Ossuary  | Learned a level 2 spell: Lesser Beckoning
  3014 | D:5      | Entered Level 5 of the Dungeon
  3060 | D:5      | Noticed Blork the orc
  3074 | D:5      | Killed Blork the orc
  3075 | D:5      | Reached XP level 8. HP: 56/56 MP: 0/0
  3084 | D:5      | Found a broken altar of Ashenzari.
  3111 | D:5      | Noticed Grinder
  3154 | D:5      | Paralysed by Grinder for 3 turns
  3242 | D:5      | Killed Grinder
  3281 | D:5      | Reached XP level 9. HP: 60/60 MP: 0/0
  3281 | D:5      | Learned a level 4 spell: Iskenderun's Mystic Blast
  3317 | D:5      | Reached skill level 10 in Long Blades
  3551 | D:5      | Reached skill level 1 in Spellcasting
  3551 | D:5      | Reached skill level 1 in Conjurations
  3551 | D:5      | Reached skill level 1 in Hexes
  3551 | D:5      | Reached skill level 1 in Summonings
  3551 | D:5      | Reached skill level 1 in Necromancy
  3551 | D:5      | Reached skill level 1 in Translocations
  3551 | D:5      | Reached skill level 1 in Fire Magic
  3551 | D:5      | Reached skill level 1 in Ice Magic
  3551 | D:5      | Reached skill level 1 in Air Magic
  3551 | D:5      | Reached skill level 1 in Earth Magic
  3551 | D:5      | Reached skill level 1 in Alchemy
  3807 | D:5      | Noticed Prince Ribbit
  3815 | D:5      | Killed Prince Ribbit
  3972 | D:5      | Identified the +0 leather armour of the Maze {Dex+2}
  4118 | D:6      | Found a staircase to the Ecumenical Temple.
  4127 | Temple   | Entered the Ecumenical Temple
  4139 | Temple   | Became a worshipper of Warmaster Okawaru
  4139 | Temple   | Reached * piety under Okawaru
  4139 | Temple   | Reached ** piety under Okawaru
  4657 | D:6      | Found a sacrificial altar of Ru.
  4778 | D:7      | Identified the +6 mace "Dragonbane" {vamp, *Rage rF- Int+8}
  4841 | D:7      | Reached skill level 5 in Spellcasting
  4841 | D:7      | Reached skill level 5 in Conjurations
  4841 | D:7      | Reached skill level 5 in Hexes
  4841 | D:7      | Reached skill level 5 in Summonings
  4841 | D:7      | Reached skill level 5 in Necromancy
  4841 | D:7      | Reached skill level 5 in Translocations
  4841 | D:7      | Reached skill level 5 in Fire Magic
  4841 | D:7      | Reached skill level 5 in Ice Magic
  4841 | D:7      | Reached skill level 5 in Air Magic
  4841 | D:7      | Reached skill level 5 in Earth Magic
  4841 | D:7      | Reached skill level 5 in Alchemy
  5146 | D:7      | Reached XP level 10. HP: 67/67 MP: 0/0
  5148 | D:7      | Reached *** piety under Okawaru
  5795 | D:8      | Found a white marble altar of Elyvilon.
  6201 | D:9      | Reached **** piety under Okawaru
  6368 | D:9      | Identified the +1 scale mail "Muras" {+Inv Fly Will++ SInv}
  6524 | D:9      | Reached skill level 1 in Shields
  6657 | D:9      | Found a staircase to the Orcish Mines.
  6945 | D:10     | Entered Level 10 of the Dungeon
  7053 | D:9      | Reached ***** piety under Okawaru
  7054 | D:9      | Reached skill level 5 in Shields
  7069 | D:9      | Reached XP level 11. HP: 56/71 MP: 0/0
  7069 | D:9      | Learned a level 5 spell: Silence
  7399 | D:10     | Found a stormy altar of Qazlal.
  7408 | D:10     | Found a blossoming altar of Fedhas.
  7408 | D:10     | Found a glowing golden altar of the Shining One.
  7408 | D:10     | Found a bloodstained altar of Trog.
  7592 | D:10     | Received a gift from Okawaru
  7677 | D:10     | Noticed Maggie
  7708 | D:10     | Killed Maggie
  7839 | D:11     | Noticed a boulder beetle
  7864 | D:11     | Killed a boulder beetle
  8128 | D:11     | Reached skill level 1 in Invocations
  8252 | D:11     | Noticed a boulder beetle
  8275 | D:10     | Received a gift from Okawaru
  8484 | D:11     | Killed a boulder beetle
  8539 | D:11     | Found a staircase to the Lair.
  8548 | D:11     | Reached skill level 5 in Invocations
  8572 | D:11     | Noticed a two-headed ogre
  8573 | D:11     | Noticed a moth of wrath
  8573 | D:11     | Noticed ggggg's ghost (journeyman TrSh)
  8575 | D:11     | Found a bloodstained altar of Trog.
  8576 | D:11     | Noticed a two-headed ogre
  8582 | D:11     | Found a transporter.
  8583 | D:11     | Noticed a tengu warrior
  8590 | D:11     | Found a transporter.
  8690 | D:11     | Noticed a two-headed ogre
  8699 | D:11     | Killed a two-headed ogre
  8855 | Lair:1   | Entered Level 1 of the Lair of Beasts
  8913 | Lair:1   | Noticed Erica
  8929 | Lair:1   | Killed Erica
  8930 | Lair:1   | Reached XP level 12. HP: 43/78 MP: 0/0
  9111 | Lair:1   | Found a glowing golden altar of the Shining One.
  9243 | Lair:1   | Received a gift from Okawaru
  9293 | Lair:1   | Reached skill level 5 in Fighting
  9850 | Lair:2   | Found a hole to the Spider Nest.
  9931 | Lair:2   | Noticed Gastronok
 10000 | Lair:1   | Reached ****** piety under Okawaru
 10000 | Lair:1   | Received a gift from Okawaru
 10003 | Lair:1   | Acquired the +5 robe of Night {Dark Will+ SInv}
 10003 | Lair:1   | Received a gift from Okawaru
 10003 | Lair:1   | Found the +5 robe of Night {Dark Will+ SInv}
 10016 | Lair:1   | Acquired a +6 demon blade of freezing
 10016 | Lair:1   | Received a gift from Okawaru
 10040 | Lair:2   | Killed Gastronok
 10144 | Lair:2   | Noticed a seven-headed hydra
 10149 | Lair:2   | Killed a four-headed hydra
 10149 | Lair:2   | Received a gift from Okawaru
 10150 | Lair:2   | Reached XP level 13. HP: 81/92 MP: 0/0
 10150 | Lair:2   | Learned a level 5 spell: Alistair's Intoxication
 10840 | Lair:3   | Identified the ring "Xiphir" {SInv Stlth+}
 11005 | Lair:3   | You are sucked into a shaft and drop 2 floors!
 11005 | Lair:5   | Entered Level 5 of the Lair of Beasts
 11060 | Lair:5   | Received a gift from Okawaru
 11235 | Lair:4   | Reached skill level 5 in Dodging
 11333 | Lair:3   | Noticed a seven-headed hydra
 11344 | Lair:3   | Killed a one-headed hydra
 11399 | Lair:3   | Found a transporter.
 11400 | Lair:3   | Found a transporter.
 11463 | Lair:3   | Received a gift from Okawaru
 11797 | Lair:3   | Found a staircase to the Shoals.
 12076 | Lair:4   | Found a viscous altar of Jiyva.
 12076 | Lair:4   | Found a staircase to the Slime Pits.
 12308 | Lair:4   | Noticed an eight-headed hydra
 12318 | Lair:4   | Killed a one-headed hydra
 12405 | Lair:4   | Received a gift from Okawaru
 12406 | Lair:4   | Reached XP level 14. HP: 98/98 MP: 0/0
 12433 | Lair:4   | Noticed Kirke
 12440 | Lair:4   | Noticed a sphinx
 12704 | Lair:4   | Reached skill level 10 in Dodging
 12760 | Lair:4   | Identified the +0 ring mail of Ysukhles {-Cast rPois Str+7}
 12848 | Lair:4   | Killed Kirke
 13127 | Lair:5   | Noticed Nessos
 13148 | Lair:5   | Killed Nessos
 13195 | Lair:5   | Reached skill level 10 in Shields
 13290 | Lair:5   | Received a gift from Okawaru
 13717 | Lair:5   | Found an opulent altar of Gozag.
 13999 | Lair:5   | Noticed a dire elephant
 14014 | Lair:5   | Killed a dire elephant
 14014 | Lair:5   | Received a gift from Okawaru
 14237 | D:12     | Found a transporter.
 14390 | D:12     | Found a transporter.
 14398 | D:12     | Noticed case's ghost (journeyman DEHu)
 14761 | D:12     | Found a portal to a secret trove of treasure.
 15037 | D:12     | Received a gift from Okawaru
 15038 | D:12     | Reached XP level 15. HP: 100/103 MP: 0/0
 15038 | D:12     | Learned a level 6 spell: Conjure Ball Lightning
 15511 | Orc:1    | Entered Level 1 of the Orcish Mines
 16116 | Orc:2    | Entered Level 2 of the Orcish Mines
 16365 | Orc:2    | Noticed Urug
 16447 | Orc:2    | Reached skill level 1 in Evocations
 16731 | Orc:2    | Killed Urug
 16900 | Orc:2    | Found a staircase to the Elven Halls.
 16912 | Orc:2    | Noticed Snorg
 16930 | Orc:2    | Killed Snorg
 17062 | Orc:2    | Reached skill level 5 in Evocations
 17064 | Orc:2    | Found Niwairatt's Jewellery Shop.
 17312 | Orc:2    | Found Heaqo's General Store.
 17319 | Orc:2    | Bought a scroll of blinking for 90 gold pieces
 17319 | Orc:2    | Bought a potion of curing for 36 gold pieces
 17436 | Orc:2    | Received a gift from Okawaru
 17503 | Orc:2    | Noticed an orc warlord
 17561 | Orc:2    | Killed an orc warlord
 17596 | Orc:2    | Found Someodud's Antique Weapon Shop.
 17603 | Orc:2    | Found Koozxe's Antique Armour Boutique.
 17843 | D:13     | Found a sacrificial altar of Ru.
 17980 | D:13     | Noticed Lodul
 17985 | D:13     | Killed Lodul
 18294 | D:13     | Received a gift from Okawaru
 18342 | D:13     | Identified the +6 great sword of Musogg {flame, rElec rPois
                  | rC+ Int+2}
 18359 | D:13     | Found a gate to the Vaults.
 19005 | D:14     | Reached XP level 16. HP: 83/112 MP: 0/0
 19524 | D:15     | Entered Level 15 of the Dungeon
 19527 | D:15     | Noticed Azrael
 19624 | D:14     | Reached skill level 10 in Fighting
 19634 | D:14     | Killed Azrael
 19731 | D:15     | Found Laatunt's Antique Weapon Shoppe.
 19788 | D:15     | Received a gift from Okawaru
 20582 | Spider:1 | Entered Level 1 of the Spider Nest
 20795 | Spider:1 | Received a gift from Okawaru
 20822 | Spider:1 | Gained mutation: You occasionally lose the ability to read
                  | scrolls when taking damage. [mutagenic glow]
 21041 | Spider:1 | Noticed Agnes
 21053 | Spider:1 | Killed Agnes
 21076 | Spider:1 | Noticed an emperor scorpion
 21122 | Spider:1 | Killed an emperor scorpion
 21264 | Spider:1 | You are sucked into a shaft and drop 1 floor!
 21615 | Spider:2 | Noticed an emperor scorpion
 21627 | Spider:2 | Received a gift from Okawaru
 21644 | Spider:2 | Killed an emperor scorpion
 21711 | Spider:2 | Noticed Arachne
 21717 | Arena    | Entered the Arena
 21733 | Arena    | Killed Arachne
 22545 | Spider:3 | Reached XP level 17. HP: 120/123 MP: 0/0
 22545 | Spider:3 | Learned a level 7 spell: Malign Gateway
 23524 | Spider:3 | Received a gift from Okawaru
 23698 | Spider:4 | Entered Level 4 of the Spider Nest
 23794 | Spider:3 | Reached skill level 10 in Spellcasting
 23794 | Spider:3 | Reached skill level 10 in Conjurations
 23794 | Spider:3 | Reached skill level 10 in Hexes
 23794 | Spider:3 | Reached skill level 10 in Summonings
 23794 | Spider:3 | Reached skill level 10 in Necromancy
 23794 | Spider:3 | Reached skill level 10 in Translocations
 23794 | Spider:3 | Reached skill level 10 in Fire Magic
 23794 | Spider:3 | Reached skill level 10 in Ice Magic
 23794 | Spider:3 | Reached skill level 10 in Air Magic
 23794 | Spider:3 | Reached skill level 10 in Earth Magic
 23794 | Spider:3 | Reached skill level 10 in Alchemy
 23964 | Spider:4 | Noticed Bai Suzhen
 24666 | Spider:4 | Received a gift from Okawaru
 24831 | Arena    | Entered the Arena
 24860 | Arena    | Entered the Arena
 25433 | Spider:3 | Received a gift from Okawaru
 25708 | Spider:3 | Reached XP level 18. HP: 82/130 MP: 0/0
 26200 | Spider:3 | Received a gift from Okawaru
 26333 | Spider:4 | Got a gossamer rune of Zot
 26345 | Spider:4 | Identified the scarf of the Enfolding Gods {shadows,
                  | *Corrode Regen+ Dex+3 SInv}
 26419 | Spider:4 | Gained mutation: You are dopey. (Int -2) [mutagenic glow]
 26582 | Lair:1   | Identified 2 scrolls of acquirement
 26631 | Lair:1   | Acquired a manual of Long Blades
 26662 | Lair:1   | Acquired a manual of Evocations
 26715 | D:12     | Reached skill level 1 in Armour
 26724 | D:12     | Killed case's ghost
 26934 | D:11     | Killed ggggg's ghost
 27042 | Shoals:1 | Entered Level 1 of the Shoals
 27147 | Shoals:1 | Found a flickering gateway to a bazaar.
 27158 | Bazaar   | Entered a bazaar
 27158 | Bazaar   | Found Wyrgh's Antique Armour Boutique.
 27158 | Bazaar   | Found Arafreupp's Antique Weapon Shop.
 27158 | Bazaar   | Found Kiemiopt's Weapon Shop.
 27228 | Shoals:1 | Reached skill level 5 in Armour
 27294 | Shoals:1 | Received a gift from Okawaru
 27666 | Shoals:2 | Found a runed translucent door.
 27763 | Shoals:2 | Noticed Witt's ghost (adept GrFi)
 27792 | Shoals:2 | Killed Witt's ghost
 27863 | Shoals:2 | Identified the serpent talisman "Pyujeav" {rElec rN+}
 27863 | Shoals:2 | Noticed Aizul
 27892 | Shoals:2 | Killed Aizul
 27892 | Shoals:2 | Received a gift from Okawaru
 28247 | Shoals:3 | Received a gift from Okawaru
 28286 | Shoals:3 | Reached XP level 19. HP: 128/135 MP: 0/0
 28286 | Shoals:3 | Learned a level 7 spell: Orb of Destruction
 28421 | Shoals:3 | Found Taiqaez's CLEARANCE SALE!.
 28671 | Shoals:4 | Entered Level 4 of the Shoals
 28772 | Shoals:4 | Reached skill level 15 in Dodging
 28811 | Shoals:4 | Received a gift from Okawaru
 29330 | Shoals:4 | Received a gift from Okawaru
 29362 | Shoals:4 | Got a barnacled rune of Zot
 29786 | Vaults:1 | Entered Level 1 of the Vaults
 29896 | Vaults:1 | Reached skill level 15 in Long Blades
 30098 | Vaults:1 | Found Ukoazoqu's Armour Shop.
 30591 | Vaults:1 | Reached XP level 20. HP: 141/141 MP: 0/0
 30652 | Vaults:1 | Found Teodd's Weapon Shop.
 30665 | Vaults:1 | Received a gift from Okawaru
 31801 | Vaults:2 | Received a gift from Okawaru
 32101 | Vaults:2 | Found a runed translucent gate.
 32102 | Vaults:2 | Found a runed translucent gate.
 32102 | Vaults:2 | Found a runed translucent gate.
 32102 | Vaults:2 | Noticed a tentacled monstrosity
 32103 | Vaults:2 | Noticed a tentacled monstrosity
 32106 | Vaults:2 | Noticed a tentacled monstrosity
 32176 | Vaults:2 | Reached skill level 10 in Evocations
 32298 | Vaults:2 | Received a gift from Okawaru
 32887 | Vaults:2 | Received a gift from Okawaru
 33316 | Vaults:3 | Reached XP level 21. HP: 148/148 MP: 0/0
 33316 | Vaults:3 | Learned a level 8 spell: Disjunction
 33409 | Vaults:3 | Reached skill level 15 in Evocations
 33951 | Vaults:3 | Found a runed translucent door.
 33955 | Vaults:3 | Noticed Nonny's ghost (adept MfGl)
 34174 | Vaults:3 | Received a gift from Okawaru
 34620 | Vaults:3 | Killed Nonny's ghost
 34685 | Vaults:4 | Noticed Jory
 34725 | Vaults:3 | Killed Jory
 34958 | Vaults:4 | HP: 7/152 [ironbound frostheart (52)]
 34958 | Vaults:4 | Mangled by a deep troll

Illustrated notes

Levels and vault maps discovered:
D:1:      ncdulo_halloftheorcs, layout_basic, solitary_fountain,
          grunt_decor_cap, serial_bayou_lagoon_a, minmay_tripent
D:2:      layout_basic, shapermc_ecumenical_altar_flowoftime,
          amcnicky_mini_rare_corridor_liquid, minmay_cupped
D:3:      layout_loops_corners, nicolae_uskayaw_dance_hall,
          nicolae_overflow_hidden_temple, serial_forest,
          infiniplex_forest_end_2, infiniplex_forest_clump_tiny,
          infiniplex_forest_pool, infiniplex_forest_zigzag_2,
          infiniplex_forest_lined_2, infiniplex_forest_end_1,
          infiniplex_forest_lined_2, bh_walls_and_bars
D:4:      layout_cave_pools, nicolae_dithmenos_the_darkroom,
          nicolae_ossuary_entry_monument, minmay_pentomino_pile
D:5:      layout_gridville, mainiacjoe_overflow_small_starburst, uniq_grinder,
          uniq_prince_ribbit1, uniq_blork_the_orc
D:6:      layout_loops_ring, mainiacjoe_overflow_catwalk, temple_pool_b
D:7:      layout_cave_pods, minmay_diced_spiral
D:8:      layout_rooms, old_standard_altar
D:9:      layout_irregular_city, minmay_orc_entry_guard_dogs,
          hangedman_decor_opposing
D:10:     layout_irregular_city, minitemple, uniq_maggie
D:11:     layout_basic, grunt_lair_entry_orc_guard_hut,
          gammafunk_ghost_wrathful_warriors
D:12:     layout_grid_maze, nicolae_trove_entry_free_sample,
          gammafunk_ghost_arena, chequers_serial_rivers_room_b
D:13:     layout_roguey, ximxim_vaults_locker_room, nicolae_ru_awakened_eye,
          uniq_lodul
D:14:     layout_basic
D:15:     grunt_enter_depths_snipers, layout_cave_pools, serial_shops, shop,
          serial_co_window_serial, co_window_corner_a,
          co_window_of_opportunity_a, co_window_corner_a, co_window_corner_a,
          co_window_paths_a, co_window_corner_b, co_window_unsneaky_path_c,
          co_window_broadway_a, co_window_2corner, glass_columns_b,
          glass_columns_c, uniq_azrael
Temple:   nicolae_temple_bog_church
Lair:1:   layout_chaotic_city, basic_altar, uniq_erica
Lair:2:   layout_regular_city, hellmonk_spider_entry_not_the_bees,
          serial_bayou_lake_a, uniq_gastronok
Lair:3:   gammafunk_boulding_lane, layout_cave_pods, shoals_dummy_entry,
          portal_ice_cave_entry_ice_simulacra, grunt_forest_stairs_clearing,
          lemuel_fruit_tree, grunt_megastairs_4
Lair:4:   layout_long_grid, minmay_slime_entry_pillars, st_stairs_3,
          eino_house_with_fridge, uniq_kirke
Lair:5:   grunt_lair_end_beastmaster, layout_regular_city, basic_altar,
          uniq_nessos
Shoals:1: layout_shoals, serial_shops, bzr_entry_islet
Shoals:2: layout_shoals, hellmonk_ghost_happy_afterlife, uniq_aizul
Shoals:3: layout_shoals, nicolae_shop_clearance
Shoals:4: shoals_end_hellmonk_lost_city, serial_shops
Spider:1: layout_spider_delve, guppyfry_spider_mini_3, uniq_agnes
Spider:2: layout_spider_delve, uniq_arachne
Spider:3: layout_chambers
Spider:4: hellmonk_spider_rune_bug_friends, nicolae_spider_webs_and_nodes,
          einodemon_crawler_minivault, uniq_bai_suzhen
Orc:1:    layout_diamond_mine
Orc:2:    grunt_orc_community_town_hall, layout_caves,
          grunt_orc_community_big_house_2, grunt_orc_community_big_house_2,
          grunt_orc_community_house_2, grunt_orc_community_house_3,
          grunt_orc_community_house_3, grunt_orc_community_house_3,
          grunt_orc_community_house_2, grunt_orc_community_house_3,
          special_room, bh_open_orc_temple, uniq_snorg, uniq_urug
Vaults:1: nicolae_vaults_door_testing_chamber, hangedman_vaults_snaps,
          grunt_vaults_swirl, v_misc_8, nicolae_vaults_border_crossing,
          nicolae_vaults_taking_the_gang_shopping, vaults_room_pool,
          nicolae_vaults_alarming, layout_vaults_omnigrid, serial_shops,
          nicolae_shop_tiny_glass
Vaults:2: ploomutoo_gammafunk_ghost_potion_laboratory, nicolae_vaults_tangram_1,
          hangedman_vaults_nodes, hangedman_vaults_stagger,
          ontoclasm_vaults_fault, ontoclasm_vaults_claustrophobia, v_misc_19,
          nicolae_vaults_little_squares_5, vaults_room_semicircle, v_misc_11,
          ontoclasm_vaults_gateway, hangedman_vaults_river_flow,
          vaults_room_fancy_cross, nicolae_vaults_trapezoid_2,
          nicolae_vaults_trapezoid_3, layout_vaults_omnibox
Vaults:3: hellmonk_ghost_big_iron, minmay_crypt_entry_simple_corners,
          ontoclasm_vaults_idyll, vaults_dpeg_emergency_exit, vaults_mumra_hex,
          v_pattern_2, nicolae_vaults_storage_closets_3,
          hangedman_vaults_unwind, hangedman_vaults_locks,
          nicolae_vaults_big_angled_halls, nicolae_vaults_tetromino_L_1,
          nicolae_vaults_trapezoid_3, vaults_room_grid,
          nicolae_vaults_diamond_2, nicolae_vaults_trapezoid_2,
          layout_vaults_ring, uniq_margery
Vaults:4: nicolae_vaults_mitosis, vaults_room_boxed, v_pattern_5,
          nicolae_vaults_three_branches, nicolae_vaults_cornered_office,
          hangedman_vaults_cutoff, nicolae_vaults_trapezoid_1,
          nicolae_vaults_trapezoid_4, ontoclasm_vaults_decontamination,
          nicolae_vaults_specimen_jars, nicolae_vaults_trapezoid_2,
          layout_vaults_omnicross, serial_shops, shop, uniq_saint_roka,
          uniq_jory

Skill      XL: |  1  2  3  4  5  6  7  8  9 10 11 12 13 14 15 16 17 18 19 20 21 |
---------------+----------------------------------------------------------------+-----
Long Blades    | 3 4 5 6 8 9 10 11 12 14 16 18 | 18.0
Spellcasting   | 5 6 8 9 12 13 | 13.0
Conjurations   | 5 6 8 9 12 13 | 13.0
Hexes          | 5 6 8 9 12 13 | 13.0
Summonings     | 5 6 8 9 12 13 | 13.0
Necromancy     | 5 6 8 9 12 13 | 13.0
Translocations | 5 6 8 9 12 13 | 13.0
Fire Magic     | 5 6 8 9 12 13 | 13.0
Ice Magic      | 5 6 8 9 12 13 | 13.0
Air Magic      | 5 6 8 9 12 13 | 13.0
Earth Magic    | 5 6 8 9 12 13 | 13.0
Alchemy        | 5 6 8 9 12 13 | 13.0
Shields        | 5 8 10 13 14 | 14.0
Fighting       | 4 8 9 12 14 | 14.1
Invocations    | 6 8 |  8.0
Dodging        | 9 10 12 18 | 18.0
Evocations     | 8 14 16 | 16.0
Armour         | 9 |  9.0

Action                     |  1- 3 |  4- 6 |  7- 9 | 10-12 | 13-15 | 16-18 | 19-21 || total
---------------------------+-------+-------+-------+-------+-------+-------+-------++-------
  Melee: Falchion          |   107 |   164 |   415 |   626 |       |       |       ||  1312
         Scimitar          |       |       |       |   207 |    16 |       |       ||   223
         Demon blade       |       |       |       |    42 |  1416 |  1762 |  1589 ||  4809
  Throw: Dart              |       |       |       |    23 |       |       |       ||    23
   Cast: Silence           |       |       |       |       |       |       |     3 ||     3
 Invoke: Heroism           |       |       |       |     1 |     1 |     3 |     1 ||     6
         Receive Weapon    |       |       |       |     1 |       |       |       ||     1
         Receive Armour    |       |       |       |     1 |       |       |       ||     1
         Finesse           |       |       |       |       |       |     2 |     1 ||     3
         Duel              |       |       |       |       |       |     3 |       ||     3
  Evoke: Wand              |       |       |       |     3 |     3 |    20 |     7 ||    33
    Use: Scroll            |       |       |       |       |       |    37 |     6 ||    43
         Potion            |       |       |       |       |       |       |     5 ||     5
   Stab: Sleeping          |       |       |       |       |     3 |    10 |       ||    13
         Petrified         |       |       |       |       |     4 |       |       ||     4
         Paralysed         |       |       |       |       |    10 |     7 |       ||    17
         Distracted        |       |       |       |       |     1 |     2 |     4 ||     7
 Armour: Robe              |    50 |    49 |       |    10 |   427 |   866 |   553 ||  1955
         Leather armour    |       |    54 |   227 |   119 |       |       |       ||   400
         Scale mail        |       |       |       |   113 |       |       |       ||   113
         Acid dragon scale |       |       |       |   251 |       |       |       ||   251
         Skin              |       |       |       |       |     1 |       |       ||     1
  Dodge: Dodged            |    74 |   100 |   194 |   351 |   717 |  1143 |   791 ||  3370
  Block: Kite shield       |       |       |       |   397 |   772 |   401 |       ||  1570
         Tower shield      |       |       |       |       |       |  1780 |  1759 ||  3539
